 Dungeon Crawl Stone Soup version 0.29.1-12-g30fa7ad0bf (webtiles) character file.

Game seed: 5120913553973249980

5070 wormed the Destroyer (level 10, -3/70 HPs)
             Began as a Demonspawn Conjurer on Dec 22, 2022.
             Was a Follower of Vehumet.
             Slain by a troll (4 damage)
             ... on level 9 of the Dungeon.
             The game lasted 00:45:07 (13680 turns).

wormed the Destroyer (Demonspawn Conjurer)         Turns: 13680, Time: 00:45:08

Health: -3/70      AC:  8    Str:  7    XL:     10   Next: 31%
Magic:  7/20       EV: 14    Int: 28    God:    Vehumet [*.....]
Gold:   695        SH:  0    Dex: 19    Spells: 8/22 levels left

rFire   . . .      SeeInvis +   I - -2 demon whip (venom)
rCold   + . .      Faith    .   (no shield)
rNeg    . . .      Spirit   .   a - +0 leather armour of Mesie {rC+ Will+ Int-2 Dex+7}
rPois   .          Reflect  .   (helmet restricted)
rElec   .          Harm     .   H - +0 cloak
rCorr   .          Rampage  .   (no gloves)
Will    +....                   (no boots)
Stlth   ++........              (no amulet)
HPRegen 0.21/turn               d - ring of see invisible
MPRegen 0.17/turn               F - +4 ring of protection

@: no status effects
A: antennae 1, demonic guardian 2, big brain 3
a: Renounce Religion


You were on level 9 of the Dungeon.
You worshipped Vehumet.
Vehumet was aware of your devotion.
You visited 2 branches of the dungeon, and saw 10 of its levels.

You collected 695 gold pieces.

Inventory:

Hand Weapons
 c - a +0 dagger
 I - a -2 demon whip of venom (weapon)
Armour
 a - the +0 leather armour of Mesie (worn) {rC+ Will+ Int-2 Dex+7}
   (You took it off an orc on level 5 of the Dungeon)

   Int:       It affects your intelligence (-2).
   Dex:       It affects your dexterity (+7).
   rC:        It protects you from cold.
   Will:      It increases your willpower.
 H - a +0 cloak (worn)
Jewellery
 d - a ring of see invisible (left hand)
 s - a +6 ring of strength
 v - an amulet of guardian spirit
 F - a +4 ring of protection (right hand)
Wands
 z - a wand of flame (26) (quivered)
 G - a wand of iceblast (13)
Scrolls
 e - 2 scrolls of fear {unknown}
 g - a scroll of enchant armour {unknown}
 h - 3 scrolls of blinking
 j - 3 scrolls of immolation
 k - 3 scrolls of amnesia {unknown}
 n - 5 scrolls of teleportation
 o - 2 scrolls of fog
 p - 3 scrolls of magic mapping {unknown}
 q - 2 scrolls of vulnerability {unknown}
 r - 3 scrolls of silence {unknown}
 x - a scroll of poison {unknown}
 y - a scroll of summoning {unknown}
 A - a scroll of noise {unknown}
 B - a scroll of enchant weapon {unknown}
 C - a scroll of brand weapon {unknown}
Potions
 b - a potion of heal wounds
 f - 4 potions of degeneration
 i - 2 potions of flight
 l - a potion of mutation
 m - 4 potions of curing
 t - a potion of ambrosia {unknown}
 u - 2 potions of attraction
 w - 3 potions of lignification
 D - a potion of cancellation {unknown}
 J - a potion of haste


   Skills:
 + Level 3.2 Fighting
 * Level 1.3 Maces & Flails
 + Level 5.0 Armour
 + Level 5.5 Dodging
 - Level 3.0 Stealth
 + Level 6.8 Spellcasting
 + Level 8.4 Conjurations
 + Level 3.0 Fire Magic
 + Level 5.1 Evocations


You had 8 spell levels left.
You knew the following spells:

 Your Spells              Type           Power      Damage    Failure   Level
a - Magic Dart            Conj           100%       1d8       1%          1
b - Searing Ray           Conj           100%       2d8       1%          2
c - Fulminant Prism       Conj/Hex       16%        3d11      6%          4
d - Iskenderun's Mystic   Conj/Tloc      33%        2d8       6%          4
e - Ignite Poison         Fire/Tmut/Pois 15%        N/A       6%          3

Your spell library contained the following spells:

 Spells                   Type           Power      Damage    Failure   Level
 Foxfire                  Conj/Fire      100%       2x1d9     1%          1
 Dazzling Flash           Conj/Hex       66%        N/A       1%          3
 Sting                    Tmut/Pois      36%        1d4       3%          1
 Mephitic Cloud           Conj/Pois/Air  25%        N/A       3%          3
 Ensorcelled Hibernation  Hex/Ice        18%        N/A       4%          2
 Poisonous Vapours        Pois/Air       18%        N/A       4%          2
 Ozocubu's Armour         Ice            9%         N/A       10%         3
 Spider Form              Tmut/Pois      9%         N/A       10%         3
 Freezing Cloud           Conj/Ice/Air   12%        6-21      26%         5
 Anguish                  Hex/Necr       4%         N/A       30%         4
 Olgreb's Toxic Radiance  Pois           9%         N/A       30%         4
 Ozocubu's Refrigeration  Ice            4%         4d8       100%        7


Dungeon Overview and Level Annotations

Branches:
Dungeon (9/15)             Temple (1/1) D:4             Orc (0/2) D:9
   Lair: D:8-11

Altars:
Ashenzari
Cheibriados
Dithmenos
Fedhas
Gozag
Hepliaklqana
Kikubaaqudgha
Makhleb
Nemelex Xobeh
Okawaru
Qazlal
Ru
Sif Muna
Trog
Uskayaw
Vehumet
Wu Jian
Xom
Yredelemnul
Jiyva

Shops:
D:1 (   D:4 (   D:6 *

Annotations:
D:6 3 runed translucent doors, wormed's ghost, novice DjCj
D:7 2 transporters, ZoeForever1's ghost, novice DrTm


Innate Abilities, Weirdness & Mutations

You have a pair of small antennae on your head.
A demonic guardian rushes to your aid.
You have an absolutely massive brain. (Int +6, Wiz)


Message History

A fulminant prism comes into view.
Your fulminant prism crackles loudly.
Found a scale mail.
Your fulminant prism explodes!
You hear a horrible gurgling sound!
A troll is nearby!
Casting: Fulminant Prism (dangerous; 6% risk of failure)
Confirm with . or Enter, or press ? or * to list all spells.
Aiming: Fulminant Prism (dangerous; 6% risk of failure)
Press: ? - help, Dir - move target You conjure a prism of explosive energy!
A fulminant prism comes into view.
Your fulminant prism crackles loudly.
A centaur warrior comes into view.
Your fulminant prism explodes!
The blast of energy engulfs the troll!
The troll is moderately wounded.
You hear an angry buzzing noise.
Casting: Fulminant Prism (dangerous; 6% risk of failure)
Confirm with . or Enter, or press ? or * to list all spells.
Aiming: Fulminant Prism (dangerous; 6% risk of failure)
Press: ? - help, Dir - move target You conjure a prism of explosive energy!
A fulminant prism comes into view.
The centaur warrior drinks a potion.
The centaur warrior seems to speed up.
The troll bites your fulminant prism!!
Your fulminant prism detonates feebly.
The centaur warrior wields a +0 longbow.
The centaur warrior shoots an arrow.
The arrow hits you!!
The centaur warrior shoots an arrow.
The arrow completely misses you.
You hear a howl!
The troll misses you. The troll claws you! The troll misses you.
The centaur warrior shoots an arrow.
The arrow hits you!
Blink to where?
Press: ? - help, Dir - move target, f - you
Okay, then.
The centaur warrior shoots an arrow.
The arrow hits you!!
* * * LOW HITPOINT WARNING * * *
A demonic guardian appears!
The troll closely misses you. The troll claws you.
You die...

.#...#..#######..###.## .#.....##
T##......####### +#....##
.##...........## ...#.##
..##..#######..## ...#.# ..#.##..
.##..## ...#.# #.###.# #.##..#
...#.# {#..#.#. .#.##.## ...#.#
##.4.#..###..#.#.## ...#.#
##.@..#.#...#.#.#.## ...#.##
##cT#..#.#.#.#.#.'.## ...#..##
##..##..#.#...#.#.#.## #..##..##
##..####.#..###..#.#..#
#....#..###.....###.#.....#.##...
..........##.....###.#####.##...#
#........##.#####[###.....##..###
........##.# .########... .
........#.# .#.######## #


You could see a centaur warrior (fast), a troll (ally target) and a friendly ice
devil (summoned).

Vanquished Creatures
  Amaemon (D:8)
  An orange demon (D:8)
  Maggie (D:7)
  A troll (D:9)
  2 steam dragons (D:9)
  A water moccasin (D:7)
  A sky beast (D:8)
  An ice beast (D:6)
  An ogre (D:4)
  A centaur (D:7)
  2 lemures (D:5)
  A phantom (D:6)
  A kobold brigand (D:7)
  2 bullfrogs (D:7)
  2 necrophages
  5 wights
  A howler monkey (D:7)
  6 hounds
  8 jellies
  3 iguanas
  5 orc priests
  A gnoll bouda (D:7)
  Jessica (D:2)
  5 orc wizards
  4 gnolls (D:7)
  8 adders
  An ufetubus (D:6)
  A worm (D:2)
  3 dart slugs
  30 orcs
  2 ball pythons
  4 endoplasms
  5 giant cockroaches
  8 goblins
  7 hobgoblins
  7 jackals (D:4)
  3 quokkas (D:3)
  8 bats
  4 frilled lizards
  8 kobolds
  6 rats
163 creatures vanquished.

Vanquished Creatures (collateral kills)
  Pikel (D:5)
  Joseph (D:7)
  Maurice (D:8)
  An orc warrior (D:8)
  A centaur (D:8)
  A lemure (D:5)
  An iguana (D:4)
  An orc (D:4)
8 creatures vanquished.

Vanquished Creatures (others)
  A butterfly (D:3)
  64 fulminant prisms
65 creatures vanquished.

Grand Total: 236 creatures vanquished

Notes
Turn   | Place    | Note
-------+----------+-------------------------------------------
     0 | D:1      | wormed the Demonspawn Conjurer began the quest for the Orb.
     0 | D:1      | Reached XP level 1. HP: 13/13 MP: 3/3
   268 | D:1      | Gained mutation: A weak demonic guardian rushes to your
                  | aid. [demonic ancestry]
   268 | D:1      | Reached XP level 2. HP: 19/19 MP: 1/5
   540 | D:1      | Found Vufos's Weapon Shop.
   826 | D:1      | Learned a level 2 spell: Searing Ray
   914 | D:2      | Noticed Jessica
   946 | D:2      | Killed Jessica
   947 | D:2      | Gained mutation: A demonic guardian rushes to your aid.
                  | [demonic ancestry]
   947 | D:2      | Reached XP level 3. HP: 24/24 MP: 1/6
  1334 | D:2      | Gained mutation: You have an unusually large brain. (Int
                  | +2) [demonic ancestry]
  1334 | D:2      | Reached XP level 4. HP: 30/30 MP: 2/8
  3256 | D:4      | Reached skill level 1 in Armour
  3256 | D:4      | Gained mutation: You have an extremely huge brain. (Int +4)
                  | [demonic ancestry]
  3256 | D:4      | Reached XP level 5. HP: 21/35 MP: 1/9
  3710 | D:4      | Reached skill level 5 in Conjurations
  3853 | D:4      | Gained mutation: You have an absolutely massive brain. (Int
                  | +6, Wiz) [demonic ancestry]
  3853 | D:4      | Reached XP level 6. HP: 35/41 MP: 6/11
  3981 | D:4      | Found a staircase to the Ecumenical Temple.
  4778 | D:4      | Found Beejim's Antique Weapon Shop.
  4788 | D:5      | Entered Level 5 of the Dungeon
  4791 | D:5      | Reached skill level 1 in Evocations
  4963 | Temple   | Entered the Ecumenical Temple
  5017 | Temple   | Became a worshipper of Vehumet
  5123 | D:5      | Gained mutation: You have a pair of small antennae on your
                  | head. [demonic ancestry]
  5123 | D:5      | Reached XP level 7. HP: 46/46 MP: 5/13
  5203 | D:5      | Found an ancient bone altar of Kikubaaqudgha.
  5308 | D:5      | Learned a level 4 spell: Fulminant Prism
  5313 | D:5      | Learned a level 4 spell: Iskenderun's Mystic Blast
  5576 | D:5      | Found a sacrificial altar of Ru.
  5577 | D:5      | Found a hide-covered altar of Uskayaw.
  5748 | D:5      | Found a shimmering blue altar of Sif Muna.
  6288 | D:6      | Found Inagugis's Assorted Antiques.
  6364 | D:6      | Reached skill level 6 in Conjurations
  6495 | D:6      | Noticed Pikel
  6540 | D:6      | Found a runed translucent gate.
  6578 | D:6      | Identified the +0 leather armour of Mesie {rC+ Will+ Int-2
                  | Dex+7}
  6578 | D:6      | Found a bloodstained altar of Trog.
  7135 | D:5      | Killed Pikel
  7136 | D:5      | Reached skill level 5 in Spellcasting
  7136 | D:5      | Reached XP level 8. HP: 16/52 MP: 2/15
  7351 | D:6      | Found a runed translucent gate.
  7357 | D:6      | Found a runed translucent gate.
  7359 | D:6      | Noticed wormed's ghost (novice DjCj)
  7528 | D:6      | Reached skill level 7 in Conjurations
  7836 | D:7      | Noticed Joseph
  8002 | D:7      | Killed Joseph
  8002 | D:7      | Reached * piety under Vehumet
  8002 | D:7      | Offered knowledge of Foxfire by Vehumet.
  8003 | D:7      | Reached XP level 9. HP: 24/57 MP: 0/18
  8296 | D:7      | Found a transporter.
  8298 | D:7      | Noticed a komodo dragon
  8642 | D:7      | Noticed Maggie
  8650 | D:7      | Killed Maggie
  8651 | D:7      | Reached skill level 1 in Fighting
  8651 | D:7      | Reached skill level 1 in Fire Magic
  9134 | D:7      | Noticed ZoeForever1's ghost (novice DrTm)
  9265 | D:7      | Found a transporter.
  9657 | D:8      | Found a viscous altar of Jiyva.
  9666 | D:8      | Noticed an orange demon
  9834 | D:8      | Noticed Amaemon
 10229 | D:8      | Found a stormy altar of Qazlal.
 10438 | D:8      | Reached skill level 8 in Conjurations
 10531 | D:8      | Reached skill level 5 in Dodging
 10698 | D:8      | Killed an orange demon
 10907 | D:8      | Killed Amaemon
 10908 | D:8      | Reached XP level 10. HP: 69/69 MP: 5/20
 10917 | D:8      | Learned a level 3 spell: Ignite Poison
 11129 | D:8      | Noticed Maurice
 11137 | D:8      | Killed Maurice
 11138 | D:8      | Reached skill level 5 in Evocations
 12307 | D:9      | Reached skill level 1 in Maces & Flails
 13254 | D:9      | Found an opulent altar of Gozag.
 13345 | D:9      | Found a staircase to the Orcish Mines.
 13437 | D:9      | Reached skill level 5 in Armour
 13673 | D:9      | Noticed a centaur warrior
 13680 | D:9      | HP: 1/70 [centaur warrior/arrow (26)]
 13680 | D:9      | Slain by a troll

Illustrated notes

Levels and vault maps discovered:
D:1:      lightli_molten_gateway, layout_rooms, serial_shops, shop_statue
D:2:      layout_basic, serial_rivers, chequers_serial_rivers_micro_d,
          chequers_serial_rivers_small_b, chequers_serial_rivers_micro_a,
          chequers_serial_rivers_small_3, chequers_serial_rivers_micro_c,
          chequers_serial_rivers_small_b, uniq_jessica
D:3:      layout_basic, nicolae_elyvilon_peaceful_grove
D:4:      layout_basic, minmay_temple_entry_poolview, serial_shops,
          nicolae_shop_hallway_stairs, minmay_statues_item
D:5:      layout_cave_pools, amcnicky_altar_gilded, kennysheep_orc_sif_temple,
          chequers_temple_overflow_statue_of_worship,
          nicolae_kite_square_tiling_tiny
D:6:      layout_rooms, mainiacjoe_overflow_tiny_flanked, gammafunk_ghost_split,
          kennysheep_windowed_goal, uniq_pikel
D:7:      layout_basic, nzn_ghost_randoct, uniq_maggie, uniq_joseph
D:8:      layout_layer_cave, mainiacjoe_overflow_cross_hatched, jiyva_altar_1,
          uniq_amaemon, uniq_maurice
D:9:      minmay_the_grid_octo_triangle [minmay_the_grid_octo_77,
          minmay_the_grid_octo_prize_big_c, minmay_the_grid_octo_concentric],
          layout_basic, grunt_temple_overflow_gold_and_silver, orc_0_dummy
Temple:   nicolae_temple_god_jail

Skill      XL: |  1  2  3  4  5  6  7  8  9 10 |
---------------+-------------------------------+-----
Stealth        | 2 3 |  3.0
Dodging        | 2 3 4 5 |  5.5
Spellcasting   | 3 4 5 6 |  6.8
Armour         | 1 3 4 5 |  5.0
Conjurations   | 5 6 7 8 |  8.4
Evocations     | 1 2 3 4 5 |  5.1
Fighting       | 2 3 |  3.2
Fire Magic     | 2 3 |  3.0
Maces & Flails | 1 |  1.3

Action                   |  1- 3 |  4- 6 |  7- 9 | 10-12 || total
-------------------------+-------+-------+-------+-------++-------
Melee: Unarmed           |     6 |       |       |       ||     6
       Dagger            |     3 |       |    18 |       ||    21
       Demon whip        |       |       |       |    21 ||    21
 Cast: Magic Dart        |    39 |     3 |       |     1 ||    43
       Searing Ray       |    11 |    46 |    51 |       ||   108
       Iskenderun's Myst |       |       |     7 |     2 ||     9
       Fulminant Prism   |       |       |    45 |    19 ||    64
       Ignite Poison     |       |       |       |     1 ||     1
Evoke: Wand              |       |       |     8 |     1 ||     9
  Use: Scroll            |       |       |     9 |     2 ||    11
       Potion            |       |       |     3 |       ||     3
Armor: Robe              |     3 |     2 |       |       ||     5
       Leather armour    |       |     2 |    27 |     9 ||    38
       Skin              |       |       |    32 |       ||    32
Dodge: Dodged            |    13 |    15 |   102 |    27 ||   157
